 Dungeon Crawl Stone Soup version 0.31-a0-702-gf82c85558f (webtiles) character file.

Game seed: 13745503792680444583

2317 qw the Skirmisher (level 9, -11/57 HPs)
             Began as a Gargoyle Hunter on Sept 7, 2023.
             Was an Initiate of Okawaru.
             Mangled by a yak (12 damage)
             ... on level 7 of the Dungeon.
             The game lasted 00:01:59 (4915 turns).

qw the Skirmisher (Gargoyle Hunter)                 Turns: 4915, Time: 00:02:00

Health: -11/57     AC: 14    Str: 16    XL:     9   Next: 41%
Magic:  9/9        EV: 11    Int:  9    God:    Okawaru [......]
Gold:   271        SH:  0    Dex: 17    Spells: 8/8 levels left

rFire   . . .        Y - +0 orcbow
rCold   + . .        (shield currently unavailable)
rNeg    + . .        b - +0 ring mail {rC+}
rPois   inf          (no helmet)
rElec   +            (no cloak)
rCorr   .            l - +1 pair of gloves {hurl}
SInv    +            (no boots)
Will    .....        (no amulet)
Stlth   +            h - +4 ring of slaying {mikee}
HPRegen 0.29/turn    a - ring of see invisible
MPRegen 0.11/turn

%: no passive effects
@: no status effects
A: sickness immunity, AC +6, negative energy resistance 1, electricity
resistance, torment resistance 1, petrification resistance
a: Renounce Religion


You were on level 7 of the Dungeon.
You worshipped Okawaru.
Okawaru was noncommittal.
You visited 2 branches of the dungeon, and saw 8 of its levels.

You collected 297 gold pieces.
You spent 26 gold pieces at shops.


Innate Abilities, Weirdness & Mutations

You are immune to sickness and miasma.
Your stone body is resilient. (AC +6)
You are immune to poison.
You resist negative energy. (rN+)
You are resistant to electric shocks. (rElec)
You are resistant to unholy torment.
You are immune to petrification.


   Skills:
 - Level 7.2 Fighting
 + Level 10.8 Ranged Weapons
 - Level 2.9 Armour
 - Level 2.1 Dodging
 - Level 1.1 Stealth


You had 8 spell levels left.
You didn't know any spells.
Your spell library was empty.

Inventory:

Hand Weapons
 Y - a +0 orcbow (weapon)
Armour
 b - a +0 ring mail of cold resistance (worn)
 l - a +1 pair of gloves of hurling (worn)
Jewellery
 a - a ring of see invisible (right hand)
 h - a +4 ring of slaying (left hand) {mikee}
 i - a ring of ice
Scrolls
 f - a scroll of identify
Potions
 c - 2 potions of curing
 e - a potion of haste
 g - 2 potions of mutation
 k - a potion of magic {unknown}
 m - a potion of attraction {unknown}
 n - a potion of might {unknown}

Dungeon Overview and Level Annotations

Branches:
Dungeon (7/15)             Temple (1/1) D:7

Altars:
Ashenzari
Cheibriados
Elyvilon
Fedhas
Gozag
Hepliaklqana
Kikubaaqudgha
Nemelex Xobeh
Okawaru
Qazlal
Ru
Sif Muna
Trog
Uskayaw
Vehumet
Wu Jian
Yredelemnul
Zin
The Shining One

Shops:
D:1 =?


Message History

The yak gores you but does no damage. x2
You shoot an arrow. The arrow hits the yak.
The yak is moderately wounded.
The yak gores you but does no damage. The yak gores you.
The yak barely misses you.
You shoot an arrow. The arrow hits the yak!
The yak is heavily wounded.
The yak gores you but does no damage. The yak gores you!
You shoot an arrow. The arrow hits the yak!
The yak is severely wounded.
The yak barely misses you. The yak gores you but does no damage.
You shoot an arrow. The arrow hits the yak!
The yak is almost dead.
The yak gores you but does no damage. The yak gores you!
You shoot an arrow. The arrow hits the yak!
You kill the yak!
Okawaru accepts your kill. The yak gores you but does no damage.
You shoot an arrow. The arrow hits the yak!
The yak is moderately wounded.
The orc misses you. The yak gores you!
You shoot an arrow. The arrow hits the yak!
The yak is heavily wounded.
The orc barely misses you. The yak gores you.
You shoot an arrow. The arrow hits the yak!
The yak is severely wounded.
The orc hits you but does no damage. The yak gores you!
You shoot an arrow. The arrow hits the yak!
The yak is almost dead.
The orc hits you but does no damage. The yak gores you but does no damage.
You shoot an arrow. The arrow closely misses the yak.
The yak gores you but does no damage.
You shoot an arrow. The arrow hits the yak.
The yak is almost dead.
The yak gores you! The yak gores you but does no damage. The yak misses you.
You shoot an arrow. The arrow hits the yak!
You kill the yak!
Okawaru accepts your kill. The yak gores you!
You die...

##........#........##.#
#...................
##......##....).....
####...##.....#...
#...###.....#.#.
#...#............
#..........Y##...
##..#...Y........
##@##.o.?...#..
##Yo...........
#Y.).......)..
#.............
####..........
##.#...#... ####..#...
... .#


You could see 2 yaks and an orc.

Vanquished Creatures
  4 yaks (D:7)
  Eustachio (D:6)
  A steam dragon (D:6)
  An ice beast (D:6)
  A water moccasin (D:6)
  A black bear (D:7)
  An ogre (D:6)
  A centaur (D:5)
  2 phantoms
  A kobold brigand (D:7)
  A bullfrog (D:6)
  2 scorpions
  2 jellies
  2 orc priests
  2 hounds
  6 iguanas
  4 sleepcaps
  4 orc wizards
  Natasha (D:4)
  6 adders
  A shadow imp (D:5)
  4 worms
  2 dart slugs
  17 orcs
  5 ball pythons
  8 endoplasms
  2 giant cockroaches
  6 goblins
  9 hobgoblins
  12 jackals
  9 kobolds
  6 quokkas
  8 bats
  A frilled lizard (D:2)
  3 rats (D:6)
137 creatures vanquished.

Notes
Turn   | Place    | Note
-------+----------+-------------------------------------------
     0 | D:1      | qw the Gargoyle Hunter began the quest for the Orb.
     0 | D:1      | Reached XP level 1. HP: 12/12 MP: 1/1
     0 | D:1      | 0 ||| qw: Version: 0.3-a-76-g4403597
     0 | D:1      | 0 ||| qw: Game counter: 811
     0 | D:1      | 0 ||| qw: Melee chars always use a shield: true
     0 | D:1      | 0 ||| qw: God list: Okawaru
     0 | D:1      | 0 ||| qw: Allow faded altars: false
     0 | D:1      | 0 ||| qw: Do Orc after clearing Dungeon:15 true
     0 | D:1      | 0 ||| qw: Do second Lair branch before Depths: true
     0 | D:1      | 0 ||| qw: Lair rune preference: random
     0 | D:1      | 0 ||| qw: Goals: Normal
     0 | D:1      | 0 ||| PLANNING D:1-11
   159 | D:1      | Reached XP level 2. HP: 17/17 MP: 2/2
   266 | D:1      | Found Ylleimenyatt's Magic Scroll Shoppe.
   284 | D:1      | 284 ||| SHOPLISTING scroll of enchant armour (97 gold, have
                  | 33).
   284 | D:1      | 284 ||| SHOPLISTING scroll of enchant weapon (97 gold, have
                  | 33).
   284 | D:1      | 284 ||| BUYING scroll of identify (26 gold).
   284 | D:1      | Bought a scroll of identify for 26 gold pieces
   284 | D:1      | 284 ||| SHOPLISTING scroll of identify (26 gold, have 7).
   284 | D:1      | 284 ||| SHOPLISTING scroll of teleportation (39 gold, have
                  | 7).
   315 | D:1      | Found Nes Mig's Jewellery Boutique.
   325 | D:1      | 325 ||| SHOPLISTING amulet of reflection (330 gold, have
                  | 7).
   325 | D:1      | 325 ||| SHOPLISTING amulet of regeneration (330 gold, have
                  | 7).
   325 | D:1      | 325 ||| SHOPLISTING ring "Vucis" {rElec Dex+2 SInv} (365
                  | gold, have 7).
   325 | D:1      | 325 ||| SHOPLISTING ring of ice (275 gold, have 7).
   325 | D:1      | 325 ||| SHOPLISTING ring of the Pariah {Will+ Str+2 Int+2
                  | Stlth+} (475 gold, have 7).
   325 | D:1      | 325 ||| SHOPLISTING ring of willpower (275 gold, have 7).
   417 | D:1      | Reached XP level 3. HP: 9/21 MP: 3/3
   738 | D:1      | 738 ||| UPGRADING to +4 ring of slaying {mikee}.
   739 | D:1      | 739 ||| READING scroll labelled PUELOARANU.
   740 | D:1      | 740 ||| READING scroll labelled TAIHUE PEXTUR.
   741 | D:1      | 741 ||| READING scroll labelled NIEHOA YRRUTIX.
   742 | D:1      | 742 ||| READING 2 scrolls of identify.
   742 | D:1      | 742 ||| IDENTIFYING sedimented cyan potion
   743 | D:1      | 743 ||| DROPPING scroll of butterflies.
   808 | D:2      | Reached skill level 5 in Ranged Weapons
  1016 | D:2      | Found a faded altar of an unknown god.
  1061 | D:2      | Reached skill level 3 in Fighting
  1130 | D:2      | Reached XP level 4. HP: 28/28 MP: 4/4
  1305 | D:2      | 1305 ||| UPGRADING to +0 ring mail.
  1315 | D:2      | 1315 ||| DROPPING +0 leather armour.
  1316 | D:2      | 1316 ||| READING 2 scrolls of identify.
  1316 | D:2      | 1316 ||| IDENTIFYING ruby potion
  1317 | D:2      | 1317 ||| DROPPING potion of brilliance.
  1649 | D:3      | Reached skill level 1 in Armour
  1690 | D:3      | Found a stormy altar of Qazlal.
  2096 | D:3      | 2096 ||| UPGRADING to +0 pair of gloves.
  2101 | D:3      | 2101 ||| UPGRADING to +1 pair of gloves of hurling.
  2111 | D:3      | 2111 ||| DROPPING +0 pair of gloves.
  2112 | D:3      | 2112 ||| READING scroll labelled ETZORCH UMAW.
  2113 | D:3      | 2113 ||| READING scroll labelled HETIHO PICEIDD.
  2214 | D:3      | 2214 ||| READING scroll labelled ISEQOAHAJA.
  2249 | D:4      | Found a hide-covered altar of Uskayaw.
  2314 | D:4      | Reached XP level 5. HP: 32/32 MP: 5/5
  2476 | D:4      | Reached skill level 6 in Ranged Weapons
  2579 | D:4      | Reached XP level 6. HP: 34/39 MP: 6/6
  2690 | D:4      | Noticed Natasha
  2696 | D:4      | Killed Natasha
  3047 | D:4      | 3047 ||| UPGRADING to +0 ring mail of cold resistance.
  3057 | D:4      | 3057 ||| DROPPING +0 ring mail.
  3058 | D:4      | 3058 ||| DROPPING scarf of invisibility.
  3059 | D:4      | 3059 ||| READING scroll labelled WETANN CUPTAGG.
  3060 | D:4      | 3060 ||| READING 3 scrolls of identify.
  3060 | D:4      | 3060 ||| IDENTIFYING grey potion
  3061 | D:4      | 3061 ||| READING 2 scrolls of identify.
  3061 | D:4      | 3061 ||| IDENTIFYING inky potion
  3062 | D:4      | 3062 ||| DROPPING potion of lignification.
  3090 | D:5      | Entered Level 5 of the Dungeon
  3120 | D:5      | 3120 ||| Stepping ~*~*~tactically~*~*~ (outnumbered).
  3122 | D:5      | Reached skill level 7 in Ranged Weapons
  3162 | D:5      | Reached XP level 7. HP: 44/44 MP: 7/7
  3226 | D:5      | Found a radiant altar of Vehumet.
  3345 | D:5      | Reached skill level 8 in Ranged Weapons
  3393 | D:5      | 3393 ||| SWAPPING to +0 orcbow.
  3394 | D:5      | 3394 ||| DROPPING +0 shortbow of draining.
  3636 | D:5      | 3636 ||| UPGRADING to ring of see invisible.
  3637 | D:5      | 3637 ||| DRINKING 3 clear potions.
  3660 | D:6      | 3660 ||| PLANNING SEWER
  3807 | D:6      | Reached XP level 8. HP: 24/49 MP: 8/8
  3903 | D:6      | Found a basalt altar of Yredelemnul.
  4070 | D:6      | Reached skill level 9 in Ranged Weapons
  4081 | D:6      | Identified the +7 quarterstaff "Goblinbane" {elec, rN+
                  | Int+4}
  4104 | D:6      | Noticed Eustachio
  4124 | D:6      | Killed Eustachio
  4125 | D:6      | Reached skill level 6 in Fighting
  4212 | D:6      | 4212 ||| Stepping ~*~*~tactically~*~*~ (cloud).
  4262 | D:6      | 4262 ||| RIP SEWER
  4290 | D:6      | 4290 ||| PLANNING D:1-11
  4579 | D:6      | 4579 ||| READING scroll labelled JITAYTHRONOFF.
  4580 | D:6      | 4580 ||| READING scroll labelled CANOMI ODURY.
  4626 | D:7      | Reached skill level 10 in Ranged Weapons
  4626 | D:7      | Reached XP level 9. HP: 55/55 MP: 9/9
  4639 | D:7      | Found a blossoming altar of Fedhas.
  4666 | D:7      | Found a staircase to the Ecumenical Temple.
  4667 | D:7      | 4667 ||| PLANNING TEMPLE
  4711 | Temple   | Entered the Ecumenical Temple
  4712 | Temple   | 4712 ||| PLANNING OKAWARU WORSHIP
  4736 | Temple   | Became a worshipper of Warmaster Okawaru
  4737 | Temple   | 4737 ||| PLANNING D:1-11
  4890 | D:7      | 4890 ||| RETREATING.
  4898 | D:7      | 4898 ||| Stepping ~*~*~tactically~*~*~ (retreating).
  4911 | D:7      | HP: 7/57 [yak (9)]
  4914 | D:7      | HP: 1/57 [yak (7)]
  4915 | D:7      | Mangled by a yak

Levels and vault maps discovered:
D:1:      dpeg_arrival_renting, layout_rooms, serial_shops, shop_fountains,
          shop, chequers_big_river
D:2:      minmay_spotlight, layout_loops_ring, ebering_ecumenical_altar_webs
D:3:      layout_loops_ring, general_overflow_altar
D:4:      layout_gridville, nicolae_uskayaw_murder_on_the_dancefloor,
          kennysheep_cluttered_room, uniq_natasha
D:5:      layout_cave_pools, mainiacjoe_overflow_cross_hatched
D:6:      layout_loops_ring, yredelemnul_altar_generic, portal_sewer_entry_b,
          uniq_eustachio
D:7:      layout_cave_pools, fedhas_altar_1, minmay_temple_entry_stoned_glass,
          uniq_crazy_yiuf_cottage
Temple:   nicolae_temple_superstar

Skill      XL: |  1  2  3  4  5  6  7  8  9 |
---------------+----------------------------+-----
Ranged Weapons | 5 6 7 8 10 | 10.8
Fighting       | 3 4 5 6 7 |  7.2
Armour         | 1 2 |  2.9
Dodging        | 2 |  2.1
Stealth        | |  1.1

Action                     |  1- 3 |  4- 6 |  7- 9 || total
---------------------------+-------+-------+-------++-------
   Fire: Shortbow          |    83 |   142 |    44 ||   269
         Orcbow            |       |       |   167 ||   167
    Use: Scroll            |     4 |     7 |     2 ||    13
         Potion            |       |       |     1 ||     1
 Armour: Leather armour    |    34 |     1 |       ||    35
         Ring mail         |       |    46 |    86 ||   132
  Dodge: Dodged            |    29 |    43 |    61 ||   133

Table legend:
 A = Non-vault XP
 B = Vault XP
 C = Vault XP percentage of total XP
 D = Non-vault monster count
 E = Vault monster count
 F = Vault count percentage of total count
                 A         B        C        D         E       F
            +---------+---------+-------+---------+---------+-------
      Total |    3269 |     250 |   7.1 |     125 |      12 |   8.8
            +---------+---------+-------+---------+---------+-------
        D:1 |      38 |       0 |   0.0 |      20 |       0 |   0.0
        D:2 |      51 |       8 |  13.6 |      14 |       5 |  26.3
        D:3 |      26 |       0 |   0.0 |      12 |       0 |   0.0
        D:4 |     385 |      35 |   8.3 |      32 |       1 |   3.0
        D:5 |     561 |       0 |   0.0 |      17 |       0 |   0.0
        D:6 |    1033 |     207 |  16.7 |      16 |       6 |  27.3
        D:7 |    1175 |       0 |   0.0 |      14 |       0 |   0.0
            +---------+---------+-------+---------+---------+-------
